 Dungeon Crawl Stone Soup version 0.26-a0-64-g059e62f (webtiles) character file.

Game seed: 4579688042965755769

20 Faca the Vandal (level 3, 2/24 HPs)
             Began as a Halfling Hunter on June 10, 2020.
             Quit the game on level 1 of the Dungeon.
             The game lasted 00:01:16 (715 turns).

Faca the Vandal (Halfling Hunter)                    Turns: 715, Time: 00:01:16

Health: 2/24       AC:  3    Str: 14    XL:     3   Next: 0%
Magic:  3/3        EV: 14    Int:  9    God:
Gold:   62         SH:  0    Dex: 14    Spells: 2/2 levels left

rFire    . . .     SeeInvis .   m - +0 dagger (venom)
rCold    . . .     Gourm    .   (shield restricted)
rNeg     . . .     Faith    .   c - +0 leather armour
rPois    .         Spirit   .   (no helmet)
rElec    .         Reflect  .   (no cloak)
rCorr    .         Harm     .   (no gloves)
MR       .....                  (no boots)
Stlth    +.........             (no amulet)
HPRegen  0.08/turn              (no ring)
MPRegen  0.08/turn              (no ring)

@: lethally poisoned (2 -> -1)
A: small, mutation resistance 1
a: no special abilities


You were on level 1 of the Dungeon.
You were not hungry.

You visited 1 branch of the dungeon, and saw 1 of its levels.

You collected 62 gold pieces.

Inventory:

Hand Weapons
 a - a +1 hunting sling
 b - a +0 short sword
 m - a +0 dagger of venom (weapon)
Missiles
 d - 20 sling bullets
 e - 14 stones (quivered)
Armour
 c - a +0 leather armour (worn)
Scrolls
 g - a scroll of immolation {unknown}
 h - a scroll of teleportation {unknown}
 i - a scroll of remove curse {unknown}
 j - a scroll of magic mapping {unknown}
 k - a scroll of identify {unknown}
Comestibles
 f - a ration
 l - a chunk of flesh


   Skills:
 + Level 2.2 Fighting
 + Level 1.4 Short Blades
 + Level 6.2 Slings
 - Level 2.1 Dodging
 - Level 1.1 Stealth


You had 2 spell levels left.
You didn't know any spells.
Your spell library was empty.

Dungeon Overview and Level Annotations

Branches:
Dungeon (1/15)

Altars:


Innate Abilities, Weirdness & Mutations

You are small and have problems with some larger weapons.
You are somewhat resistant to further mutation.


Message History

m - a +0 dagger of venom (weapon)
You feel sick.
* * * LOW HITPOINT WARNING * * *
You feel sick.
Some of the chunks of flesh in your inventory have rotted away.
* * * LOW HITPOINT WARNING * * *
You feel sick.
* * * LOW HITPOINT WARNING * * *
You feel sick.
There is a lethal amount of poison in your body!
There is a lethal amount of poison in your body!
* * * LOW HITPOINT WARNING * * *
You feel sick.
* * * LOW HITPOINT WARNING * * *
You feel sick.
* * * LOW HITPOINT WARNING * * *
You feel sick.
* * * LOW HITPOINT WARNING * * *
You feel sick.
Are you sure you want to abandon this character and quit the game? (Confirm with "yes".)

#.##.....# #.##.....##
##.#.......# ############
...#.......#####..........# ###
##..........÷......)....... ...
##.##.......####.##.....#.###.###
#.........>.............#.....)..
..........))########..### #.≈≈≈
.........#..#...@#.....# #.≈##
.........#..#.##.#.....######.≈#
...###......#.##.#.##.........≈#
'#......###...##.#.#..........≈#
.#..#....#######.#.#..........≈#
.##.......# #.#..[....)....≈#
....#.....# #..............≈##
###.##....# ####...........≈≈#
#.##....# #...#..####.###


There were no monsters in sight!

Vanquished Creatures
  A dart slug (D:1)
  3 bats (D:1)
  A giant cockroach (D:1)
  A goblin (D:1)
  3 hobgoblins (D:1)
  4 kobolds (D:1)
  A frilled lizard (D:1)
  2 jackal zombies (D:1)
  A rat (D:1)
17 creatures vanquished.

Notes
Turn   | Place    | Note
-------+----------+-------------------------------------------
     0 | D:1      | Faca the Halfling Hunter began the quest for the Orb.
     0 | D:1      | Reached XP level 1. HP: 14/14 MP: 1/1
   143 | D:1      | Reached skill level 6 in Slings
   143 | D:1      | Reached XP level 2. HP: 14/19 MP: 2/2
   242 | D:1      | Reached skill level 1 in Short Blades
   690 | D:1      | Reached XP level 3. HP: 14/24 MP: 3/3
   715 | D:1      | Quit the game

Illustrated notes

Levels and vault maps discovered:
D:1:      saegor_arrival_fortress, layout_basic

Skill      XL: |  1  2 |
---------------+-------+-----
Fighting       | 2 |  2.2
Slings         | 6 |  6.2
Short Blades   | 1 |  1.4
Dodging        | |  2.1
Stealth        | |  1.1

Action                   || total
-------------------------++-------
Melee: Short sword       ||    68
 Stab: Sleeping          ||     1
       Distracted        ||     1
Armor: Leather armour    ||    16
Dodge: Dodged            ||    49

Table legend:
 A = Non-vault XP
 B = Vault XP
 C = Vault XP percentage of total XP
 D = Non-vault monster count
 E = Vault monster count
 F = Vault count percentage of total count
                 A         B        C        D         E       F
            +---------+---------+-------+---------+---------+-------
      Total |      27 |       2 |   6.9 |      15 |       2 |  11.8
            +---------+---------+-------+---------+---------+-------
        D:1 |      27 |       2 |   6.9 |      15 |       2 |  11.8
            +---------+---------+-------+---------+---------+-------
